EVO
UNIVERSITY OF ARIZONA WILDCATS @ FRESNO STATE UNIVERSITY BULLDOGS
07/08/2045
 
TOP OF THE 1ST
University of Arizona Wildcats batting - Pitching for Fresno State University Bulldogs : RHP Jon Trujillo
Pitching: RHP Jon Trujillo
Batting: RHB Arnaud Derosiers 0-0: Ball
1-0: Called Strike
1-1: Called Strike
1-2: Fly out, F7 (Flyball, 7LD, EV 98.8 MPH)
Batting: RHB Jorge Gonzales 0-0: Ball
1-0: Ground out U3 (Groundball, 34, EV 103.8 MPH)
Batting: SHB Eric Kelley 0-0: Swinging Strike
0-1: Swinging Strike
0-2: Ball
1-2: Ball
2-2: Strikes out looking
Top of the 1st over - 0 runs, 0 hits, 0 errors, 0 left on base; University of Arizona 0 - Fresno State University 0
BOTTOM OF THE 1ST
Fresno State University Bulldogs batting - Pitching for University of Arizona Wildcats : RHP Cliff Peters
Pitching: RHP Cliff Peters
Batting: RHB Janne Vihko 0-0: Foul Ball, location: 2F
0-1: Swinging Strike
0-2: Ball
1-2: Ball
2-2: Foul Ball, location: 2F
2-2: Foul Ball, location: 2F
2-2: Ball
3-2: Strikes out swinging
Batting: RHB Armando Ramirez 0-0: Called Strike
0-1: Reached on error, E6 (Groundball, 6, EV 103.1 MPH)
Batting: RHB Terry Oetker 0-0: Ball
1-0: Called Strike
1-1: Ball
2-1: Grounds into double play, 6-4-3 (Groundball, 6S, EV 91.2 MPH)
Bottom of the 1st over - 0 runs, 0 hits, 1 error, 0 left on base; University of Arizona 0 - Fresno State University 0
TOP OF THE 2ND
University of Arizona Wildcats batting - Pitching for Fresno State University Bulldogs : RHP Jon Trujillo
Batting: RHB Ricky Aguilar 0-0: Ball
1-0: Foul Ball, location: 2F
1-1: Foul Ball, location: 2F
1-2: Strikes out swinging, 2-3 out at first.
Batting: RHB Mario Morales 0-0: Foul Ball, location: 2F
0-1: Ball
1-1: Fly out, F8 (Line Drive, 8RD, EV 93.1 MPH)
Batting: RHB Diego Herrera 0-0: Ground out 4-3 (Groundball, 4, EV 86.9 MPH)
Top of the 2nd over - 0 runs, 0 hits, 0 errors, 0 left on base; University of Arizona 0 - Fresno State University 0
BOTTOM OF THE 2ND
Fresno State University Bulldogs batting - Pitching for University of Arizona Wildcats : RHP Cliff Peters
Batting: SHB Andres Agudo 0-0: Ball
1-0: Called Strike
1-1: Ball
2-1: Called Strike
2-2: Strikes out swinging
Batting: RHB Jose Garibay 0-0: Called Strike
0-1: Called Strike
0-2: Ball
1-2: Foul Ball, location: 2F
1-2: TRIPLE (Line Drive, 78XD, EV 97.5 MPH)
Batting: LHB Jesus Huante 0-0: Called Strike
0-1: Ball
1-1: Swinging Strike
1-2: Strikes out looking
Batting: RHB Patrick Pinault 0-0: Called Strike
0-1: Foul Ball, location: 2F
0-2: Foul Ball, location: 2F
0-2: Foul Ball, location: 2F
0-2: Ball
1-2: Ball
2-2: Ball
3-2: Base on Balls
Batting: RHB Yoshinaga Okimoto 0-0: Ball
1-0: Fly out, F6 (Line Drive, 6, EV 69.4 MPH)
Bottom of the 2nd over - 0 runs, 1 hit, 0 errors, 2 left on base; University of Arizona 0 - Fresno State University 0
TOP OF THE 3RD
University of Arizona Wildcats batting - Pitching for Fresno State University Bulldogs : RHP Jon Trujillo
Batting: RHB Rob Price 0-0: Ball
1-0: Ball
2-0: Called Strike
2-1: SINGLE (Groundball, 56D, EV 100.6 MPH)
Batting: RHB Matt Peddle 0-0: SINGLE (Groundball, 6MD, EV 94.4 MPH)
Rob Price to second
Batting: RHB Valentin Catanho 0-0: Ball
1-0: Called Strike
1-1: Foul Ball, location: 2F
1-2: Reached on error, E3 (Groundball, 3, EV 109.4 MPH)
Rob Price to third
Matt Peddle to second
Batting: RHB Arnaud Derosiers 0-0: Ball
1-0: Ball
2-0: Ball
3-0: Called Strike
3-1: Base on Balls
Rob Price scores
Matt Peddle to third
Valentin Catanho to second
Batting: RHB Jorge Gonzales 0-0: Ball
1-0: Foul Ball, location: 2F
1-1: Ball
2-1: Foul Ball, location: 2F
2-2: Foul Ball, location: 2F
2-2: Grounds into double play, 3-6-3 (Groundball, 3, EV 97.5 MPH)
Matt Peddle scores
Valentin Catanho to third
Batting: SHB Eric Kelley 0-0: Ball
1-0: Foul Ball, location: 2F
1-1: Called Strike
1-2: Ball
2-2: Fly out, F8 (Line Drive, 8RM, EV 90.0 MPH)
Top of the 3rd over - 2 runs, 2 hits, 1 error, 1 left on base; University of Arizona 2 - Fresno State University 0
BOTTOM OF THE 3RD
Fresno State University Bulldogs batting - Pitching for University of Arizona Wildcats : RHP Cliff Peters
Batting: RHB Andy Villarreal 0-0: Ground out 3-1 (Groundball, 34S, EV 67.5 MPH)
Batting: RHB Janne Vihko 0-0: Ball
1-0: Bunt for hit to 15 - play at first, batter OUT! 1-3
Batting: RHB Armando Ramirez 0-0: Fly out, F4 (Popup, 4MS, EV 76.9 MPH)
Bottom of the 3rd over - 0 runs, 0 hits, 0 errors, 0 left on base; University of Arizona 2 - Fresno State University 0
TOP OF THE 4TH
University of Arizona Wildcats batting - Pitching for Fresno State University Bulldogs : RHP Jon Trujillo
Batting: RHB Ricky Aguilar 0-0: Called Strike
0-1: Ball
1-1: Fly out, F8 (Flyball, 89D, EV 88.8 MPH)
Batting: RHB Mario Morales 0-0: SINGLE (Groundball, 34D, EV 94.4 MPH)
Batting: RHB Diego Herrera 0-0: Ball
1-0: Foul Ball, location: 2F
1-1: Foul Ball, location: 2F
1-2: SINGLE (Flyball, 5D, EV 91.2 MPH)
Mario Morales to second
Batting: RHB Rob Price 0-0: Called Strike
0-1: Fly out, F4 (Popup, 4S, EV 78.8 MPH)
Batting: RHB Matt Peddle 0-0: Fly out, F9 (Flyball, 89M, EV 83.8 MPH)
Top of the 4th over - 0 runs, 2 hits, 0 errors, 2 left on base; University of Arizona 2 - Fresno State University 0
BOTTOM OF THE 4TH
Fresno State University Bulldogs batting - Pitching for University of Arizona Wildcats : RHP Cliff Peters
Batting: RHB Terry Oetker 0-0: Ball
1-0: Ball
2-0: Called Strike
2-1: Ball
3-1: Base on Balls
Batting: SHB Andres Agudo 0-0: Ball
1-0: Ball
2-0: Swinging Strike
2-1: Grounds out, U3 (Groundball, 3L, EV 100.0 MPH)
Batting: RHB Jose Garibay 0-0: Swinging Strike
0-1: Foul Ball, location: 2F
0-2: 2-RUN HOME RUN (Flyball, 89XD, EV 111.9 MPH), Distance : 430 ft
Batting: LHB Jesus Huante 0-0: Swinging Strike
0-1: Ball
1-1: Ball
2-1: SINGLE (Line Drive, 56, EV 105.6 MPH)
Pitching: LHP David Zuniga
Batting: RHB Patrick Pinault 0-0: Ball
1-0: SINGLE (Groundball, P, EV 89.4 MPH) (infield hit)
Jesus Huante to second
Batting: RHB Yoshinaga Okimoto 0-0: Fielders Choice at 2nd, 6-4 (Groundball, 6, EV 84.4 MPH)
Jesus Huante to third
Pinch Hitting: RHB Homer Petropoulos 0-0: Foul Ball, location: 2F
0-1: Ball
1-1: Ball
2-1: Called Strike
2-2: Foul Ball, location: 2F
2-2: Fly out, F9 (Flyball, 9, EV 80.0 MPH)
Bottom of the 4th over - 2 runs, 3 hits, 0 errors, 2 left on base; University of Arizona 2 - Fresno State University 2
TOP OF THE 5TH
University of Arizona Wildcats batting - Pitching for Fresno State University Bulldogs : RHP Jon Trujillo
Pitching: LHP Dan Hardy
Now in RF: Iestyn Peacock
Pinch Hitting: RHB Al Blanchard 0-0: Ball
1-0: Ball
2-0: Ball
3-0: Base on Balls
Batting: RHB Arnaud Derosiers 0-0: Ball
1-0: Called Strike
1-1: Swinging Strike
1-2: Ball
2-2: Hit by Pitch
Al Blanchard to second
Batting: RHB Jorge Gonzales 0-0: Ball
1-0: Ball
2-0: Ball
3-0: Called Strike
3-1: Called Strike
3-2: Strikes out swinging
Batting: SHB Eric Kelley 0-0: Fly out, F4 (Popup, 4, EV 58.8 MPH)
Pinch Hitting: RHB Costantino Dolfini 0-0: Foul Ball, location: 2F
0-1: SINGLE (Groundball, 6MD, EV 105.0 MPH)
Al Blanchard to third
Arnaud Derosiers to second
Runner from 3rd tries for Home, SAFE, throw by CF to home
Batting: RHB Mario Morales 0-0: Ball
1-0: Ball
2-0: Called Strike
2-1: Foul Ball, location: 2F
2-2: Foul Ball, location: 2F
2-2: Ball
3-2: Foul Ball, location: 2F
3-2: Base on Balls
Arnaud Derosiers to third
Costantino Dolfini to second
Batting: RHB Diego Herrera 0-0: DOUBLE (Line Drive, 7LM, EV 100.6 MPH)
Arnaud Derosiers scores
Costantino Dolfini scores
Mario Morales to third
Pitching: LHP Diego Tellez
Batting: RHB Rob Price 0-0: Called Strike
0-1: Swinging Strike
0-2: Ball
1-2: Ground out 6-3 (Groundball, 56, EV 98.8 MPH)
Top of the 5th over - 3 runs, 2 hits, 0 errors, 2 left on base; University of Arizona 5 - Fresno State University 2
BOTTOM OF THE 5TH
Fresno State University Bulldogs batting - Pitching for University of Arizona Wildcats : LHP David Zuniga
Now at 3B: Robbie Gautreaux
Now in RF: Daniel Wise
Batting: RHB Janne Vihko 0-0: Ball
1-0: Ball
2-0: Reached on error, E4 (Groundball, 4, EV 85.0 MPH)
Batting: RHB Armando Ramirez 0-0: Ball
1-0: Ball
2-0: Ball
3-0: Called Strike
3-1: Foul Ball, location: 2F
3-2: SINGLE (Line Drive, 7LS, EV 108.1 MPH)
Janne Vihko to second
Janne Vihko to third
Batting: RHB Terry Oetker
Batting: LHB Mike Holland 0-0: Ball
1-0: Ball
2-0: Called Strike
2-1: Ball
3-1: Ground out 4-3 (Groundball, 4MS, EV 68.8 MPH)
Janne Vihko scores
Armando Ramirez to second
Batting: SHB Andres Agudo 0-0: DOUBLE (Flyball, 9LD, EV 111.2 MPH)
Armando Ramirez scores
Batting: RHB Jose Garibay 0-0: Ball
1-0: Foul Ball, location: 2F
1-1: DOUBLE (Line Drive, 89D, EV 108.1 MPH)
Andres Agudo scores
Pitching: RHP Joe Mulholland
Batting: LHB Jesus Huante 0-0: Called Strike
0-1: SINGLE (Line Drive, 34D, EV 99.4 MPH)
Jose Garibay to third
Runner from 3rd tries for Home, SAFE, throw by RF to home
Batting: RHB Patrick Pinault 0-0: Called Strike
0-1: SINGLE (Groundball, 56S, EV 67.5 MPH) (infield hit)
Jesus Huante to second
Batting: RHB Yoshinaga Okimoto 0-0: Called Strike
0-1: Foul Ball, location: 2F
0-2: Ball
1-2: Foul Ball, location: 2F
1-2: Ball
2-2: Ball
3-2: Grounds into double play, 5-4-3 (Groundball, 56, EV 85.6 MPH)
Bottom of the 5th over - 4 runs, 5 hits, 1 error, 1 left on base; University of Arizona 5 - Fresno State University 6
TOP OF THE 6TH
University of Arizona Wildcats batting - Pitching for Fresno State University Bulldogs : LHP Diego Tellez
Batting: RHB Matt Peddle 0-0: Called Strike
0-1: Foul Ball, location: 2F
0-2: Foul Ball, location: 2F
0-2: Foul Ball, location: 2F
0-2: Ball
1-2: Ball
2-2: Strikes out swinging
Batting: RHB Daniel Wise 0-0: Called Strike
0-1: Called Strike
0-2: Ground out 1-3 (Groundball, P, EV 62.5 MPH)
Pinch Hitting: RHB Eric McClelland 0-0: Ball
1-0: Ball
2-0: Called Strike
2-1: Swinging Strike
2-2: Fly out, F8 (Flyball, 8LD, EV 98.8 MPH)
Top of the 6th over - 0 runs, 0 hits, 0 errors, 0 left on base; University of Arizona 5 - Fresno State University 6
BOTTOM OF THE 6TH
Fresno State University Bulldogs batting - Pitching for University of Arizona Wildcats : RHP Joe Mulholland
Now at 1B: Eric McClelland
Batting: LHB Iestyn Peacock 0-0: Ball
1-0: Ball
2-0: SINGLE (Groundball, 4S, EV 61.9 MPH) (infield hit)
Pinch Hitting: LHB Casey Bass 0-0: Ball
1-0: Called Strike
1-1: Ball
2-1: Ball
3-1: Swinging Strike
3-2: Grounds into double play, 3-6-1 (Groundball, 34S, EV 90.6 MPH)
Pinch Hitting: RHB Manuel de los Santos 0-0: Ball
1-0: Ball
2-0: Called Strike
2-1: Fly out, F3 (Popup, 3L, EV 63.8 MPH)
Bottom of the 6th over - 0 runs, 1 hit, 0 errors, 0 left on base; University of Arizona 5 - Fresno State University 6
TOP OF THE 7TH
University of Arizona Wildcats batting - Pitching for Fresno State University Bulldogs : LHP Diego Tellez
Now at 3B: Dou-wan Pan
Now in LF: Felix Rangel
Now in CF: Yoshinaga Okimoto
Batting: RHB Jorge Gonzales 0-0: Called Strike
0-1: Ball
1-1: Ball
2-1: Swinging Strike
2-2: Fly out, F7 (Line Drive, 7, EV 108.1 MPH)
Pinch Hitting: RHB Randy Barry 0-0: Foul Ball, location: 2F
0-1: Called Strike
0-2: Fly out, F9 (Flyball, 89M, EV 84.4 MPH)
Batting: RHB Robbie Gautreaux 0-0: Ball
1-0: Ball
2-0: Called Strike
2-1: Swinging Strike
2-2: Ball
3-2: Base on Balls
Batting: RHB Melvin Nava 0-0: Ball
1-0: SINGLE (Groundball, 34, EV 101.2 MPH) (infield hit)
Robbie Gautreaux to second
Batting: RHB Diego Herrera 0-0: Called Strike
0-1: Foul Ball, location: 2F
0-2: Ball
1-2: Ball
2-2: Foul Ball, location: 2F
2-2: Ball
3-2: DOUBLE (Line Drive, 3D, EV 93.8 MPH)
Robbie Gautreaux scores
Melvin Nava to third
Melvin Nava scores
Pitching: RHP Ron Skiles
Batting: RHB Rob Price 0-0: Ball
1-0: Ground out 6-3 (Groundball, 6, EV 88.1 MPH)
Top of the 7th over - 2 runs, 2 hits, 0 errors, 1 left on base; University of Arizona 7 - Fresno State University 6
BOTTOM OF THE 7TH
Fresno State University Bulldogs batting - Pitching for University of Arizona Wildcats : RHP Joe Mulholland
Now in CF: Zion Campbell
Batting: LHB Mitsujiro Tanaka 0-0: Foul Ball, location: 2F
0-1: Swinging Strike
0-2: Ball
1-2: Foul Ball, location: 2F
1-2: Foul Ball, location: 2F
1-2: Foul Ball, location: 2F
1-2: Fly out, F7 (Flyball, 7LM, EV 110.6 MPH)
Pinch Hitting: RHB Tsugio Yamaguchi 0-0: Swinging Strike
0-1: Ground out 3-1 (Groundball, 34S, EV 65.6 MPH)
Batting: RHB Jose Garibay 0-0: Called Strike
0-1: Ball
1-1: Ball
2-1: Fly out, F5 (Flyball, 5D, EV 87.5 MPH)
Bottom of the 7th over - 0 runs, 0 hits, 0 errors, 0 left on base; University of Arizona 7 - Fresno State University 6
TOP OF THE 8TH
University of Arizona Wildcats batting - Pitching for Fresno State University Bulldogs : RHP Ron Skiles
Now at SS: Tsugio Yamaguchi
Batting: RHB Matt Peddle 0-0: Ball
1-0: Ball
2-0: Ball
3-0: Base on Balls
Batting: RHB Daniel Wise 0-0: Called Strike
0-1: Ball
1-1: Foul Ball, location: 2F
1-2: Fly out, F7 (Line Drive, 7, EV 93.8 MPH)
Batting: RHB Eric McClelland 0-0: SINGLE (Groundball, 6D, EV 102.5 MPH)
Matt Peddle to second
Batting: RHB Jorge Gonzales 0-0: Foul Ball, location: 2F
0-1: Called Strike
0-2: Ground out 5-3 (Groundball, 56, EV 87.5 MPH)
Matt Peddle to third
Eric McClelland to second
Batting: RHB Zion Campbell 0-0: Ground out 6-3 (Groundball, 6S, EV 82.5 MPH)
Top of the 8th over - 0 runs, 1 hit, 0 errors, 2 left on base; University of Arizona 7 - Fresno State University 6
BOTTOM OF THE 8TH
Fresno State University Bulldogs batting - Pitching for University of Arizona Wildcats : RHP Joe Mulholland
Pitching: RHP Drew Manderfield
Pinch Hitting: RHB Jeff Floyd 0-0: SINGLE (Line Drive, 9LM, EV 105.0 MPH)
Pinch Hitting: RHB Mike Lassiter 0-0: Ball
1-0: Called Strike
1-1: Fielders Choice at 2nd, 6-4 (Groundball, 6, EV 103.8 MPH)
Pinch Hitting: RHB Jaquan Brown 0-0: Ball
1-0: Ball
2-0: Called Strike
2-1: Ball
3-1: Base on Balls
Mike Lassiter to second
Pinch Hitting: LHB Danny Salas 0-0: Ball
1-0: Ball
2-0: Called Strike
2-1: Ball
3-1: Base on Balls
Mike Lassiter to third
Jaquan Brown to second
Batting: RHB Dou-wan Pan 0-0: Ball
1-0: Ball
2-0: Called Strike
2-1: Foul Ball, location: 2F
2-2: Ball
3-2: Foul Ball, location: 2F
3-2: SINGLE (Groundball, 6MD, EV 105.0 MPH)
Mike Lassiter scores
Jaquan Brown to third
Danny Salas to second
Pinch Hitting: RHB John Carpenter 0-0: Foul Ball, location: 2F
0-1: Foul Ball, location: 2F
0-2: Fly out, F7 (Flyball, 7, EV 93.1 MPH)
Runner from 3rd tags up, OUT at HOME! 7-2
Bottom of the 8th over - 1 run, 2 hits, 0 errors, 2 left on base; University of Arizona 7 - Fresno State University 7
TOP OF THE 9TH
University of Arizona Wildcats batting - Pitching for Fresno State University Bulldogs : RHP Ron Skiles
Now at 1B: Jeff Floyd
Now at 2B: Mike Fermin
Now in LF: Chris Viehman
Now in CF: Jaquan Brown
Now in RF: Nate McCormick
Pinch Hitting: RHB David Powell 0-0: Called Strike
0-1: Ball
1-1: Ball
2-1: DOUBLE (Flyball, 89D, EV 98.1 MPH)
Batting: RHB Melvin Nava 0-0: Intentional Walk
Batting: RHB Diego Herrera 0-0: Ball
1-0: Sac Bunt to P - play at third, runner OUT! 1-5
Melvin Nava to second
Batting: RHB Rob Price 0-0: SINGLE (Line Drive, 34, EV 98.8 MPH)
Melvin Nava to third
Diego Herrera to second
Batting: RHB Matt Peddle 0-0: Foul Ball, location: 2F
0-1: SINGLE (Line Drive, 78S, EV 98.8 MPH)
Melvin Nava scores
Diego Herrera to third
Rob Price to second
Batting: RHB Daniel Wise 0-0: Foul Ball, location: 2F
0-1: Ball
1-1: Swinging Strike
1-2: Ball
2-2: SINGLE (Line Drive, 78S, EV 91.2 MPH)
Diego Herrera scores
Rob Price to third
Matt Peddle to second
Pitching: LHP David Salcido
Batting: RHB Eric McClelland 0-0: Called Strike
0-1: Grounds into fielders choice 4-2 (Groundball, 34, EV 88.1 MPH)
Matt Peddle to third
Daniel Wise to second
Batting: RHB Jorge Gonzales 0-0: Ground out 4-3 (Groundball, 4, EV 82.5 MPH)
Top of the 9th over - 2 runs, 4 hits, 0 errors, 3 left on base; University of Arizona 9 - Fresno State University 7
BOTTOM OF THE 9TH
Fresno State University Bulldogs batting - Pitching for University of Arizona Wildcats : RHP Drew Manderfield
Pitching: RHP Bill McAskill
Now at 3B: Rafael Galicia
Batting: LHB Mitsujiro Tanaka 0-0: Ball
1-0: Ball
2-0: Foul Ball, location: 2F
2-1: Swinging Strike
2-2: Fly out, F4 (Line Drive, 4, EV 66.9 MPH)
Pitching: RHP Denzel McPherson
Batting: RHB Tsugio Yamaguchi 0-0: Called Strike
0-1: Reached on error, E6 (Groundball, 6, EV 89.4 MPH)
Batting: RHB Jose Garibay 0-0: Ball
1-0: Called Strike
1-1: Ball
2-1: Foul Ball, location: 2F
2-2: Ball
Wild Pitch!
Tsugio Yamaguchi to second
3-2: Strikes out swinging
Batting: RHB Jeff Floyd 0-0: Ball
1-0: Foul Ball, location: 2F
1-1: Called Strike
1-2: Strikes out swinging
Bottom of the 9th over - 0 runs, 0 hits, 1 error, 1 left on base; University of Arizona 9 - Fresno State University 7
Wednesday, June 22nd , 2022 - OOTP Baseball 23.4 Build 64